[ AOE2 MATCH · #506197723 ]
UnrankedMapuche vs Poles
Player's team · WIN
Rival team · LOSS
[ REPLAY ANALYSIS · EXTRACTED FROM THE RECORDED GAME ]
Feudal
8:53
Castle
22:30
Imperial
—
| APM avg | 44.5 |
| APM peak | 74 |
| eAPM avg | 21.1 |
| Villagers / military | 153 / 101 |
Focus
⚔️ 31.0% · 🌾 69.0%
Bolas Rider ×66 · Spearman ×10 · Skirmisher ×10 · Battering Ram ×8 · Mangonel ×7 · Fishing Ship ×6
Feudal
9:18
Castle
20:43
Imperial
43:46
| APM avg | 69.3 |
| APM peak | 110 |
| eAPM avg | 32.8 |
| Villagers / military | 127 / 132 |
Focus
⚔️ 37.1% · 🌾 62.9%
Archer ×67 · Scout Cavalry ×38 · Obuch ×19 · Battering Ram ×8
Match map
Initial resources + every placement click. Lines = walls · curves = elevation contours. ◆ gold · ⬟ stone · ● berries · ✦ relic · ◌ wall gap
Your base· Open — 7t gap
Dustin's base· Open — 11t gap
Smoothed initial terrain · ◌ = detected wall gap · hover for details
Inputs per minute
— 只会打步弓 - - Dustin
Build order — 只会打步弓
First 150 of 401 actions detected
| 0:00 | Queue | Villager (Male) |
| 0:00 | Queue | Villager (Male) |
| 0:02 | Build | House |
| 0:03 | Build | House |
| 0:09 | Queue | Villager (Male) |
| 0:16 | Queue | Villager (Male) |
| 1:26 | Queue | Villager (Male) |
| 1:26 | Queue | Villager (Male) |
| 1:58 | Queue | Villager (Male) |
| 1:59 | Queue | Villager (Male) |
| 2:22 | Build | Settlement |
| 2:28 | Queue | Villager (Male) |
| 2:28 | Queue | Villager (Male) |
| 2:51 | Queue | Villager (Male) |
| 2:51 | Queue | Villager (Male) |
| 2:52 | Queue | Villager (Male) |
| 3:21 | Queue | Villager (Male) |
| 3:21 | Queue | Villager (Male) |
| 3:36 | Queue | Villager (Male) |
| 4:01 | Queue | Villager (Male) |
| 4:01 | Queue | Villager (Male) |
| 4:29 | Queue | Villager (Male) |
| 4:44 | Queue | Villager (Male) |
| 4:44 | Queue | Villager (Male) |
| 5:17 | Build | Settlement |
| 5:26 | Build | Palisade Wall |
| 5:33 | Queue | Villager (Male) |
| 5:33 | Queue | Villager (Male) |
| 5:34 | Queue | Villager (Male) |
| 5:34 | Queue | Villager (Male) |
| 6:00 | Research | Loom |
| 6:43 | Research | Feudal Age |
| 7:36 | Queue | Villager (Male) |
| 8:11 | Build | Dock |
| 8:45 | Queue | Villager (Male) |
| 8:53 | Age | Feudal Age |
| 8:55 | Research | Double-Bit Axe |
| 9:00 | Queue | Fishing Ship |
| 9:02 | Queue | Villager (Male) |
| 9:24 | Queue | Spearman |
| 9:25 | Queue | Spearman |
| 9:40 | Queue | Fishing Ship |
| 9:40 | Queue | Fishing Ship |
| 9:47 | Queue | Villager (Male) |
| 9:50 | Build | House |
| 10:08 | Research | Town Watch |
| 10:23 | Queue | Villager (Male) |
| 10:29 | Build | House |
| 10:30 | Build | House |
| 10:37 | Queue | Fishing Ship |
| 10:38 | Queue | Villager (Male) |
| 10:50 | Queue | Villager (Male) |
| 10:56 | Queue | Spearman |
| 10:57 | Queue | Spearman |
| 10:57 | Queue | Spearman |
| 11:04 | Queue | Spearman |
| 11:04 | Queue | Spearman |
| 11:16 | Queue | Villager (Male) |
| 11:37 | Queue | Villager (Male) |
| 11:41 | Research | Horse Collar |
| 11:47 | Queue | Fishing Ship |
| 11:49 | Queue | Fishing Ship |
| 11:52 | Queue | Spearman |
| 11:54 | Queue | Villager (Male) |
| 12:06 | Queue | Villager (Male) |
| 12:12 | Build | Settlement |
| 12:15 | Queue | Villager (Male) |
| 12:43 | Queue | Villager (Male) |
| 13:01 | Queue | Villager (Male) |
| 13:04 | Build | Blacksmith |
| 13:19 | Research | Gold Mining |
| 13:25 | Build | Farm |
| 13:26 | Build | Farm |
| 13:27 | Build | Farm |
| 13:30 | Build | Farm |
| 13:42 | Build | Farm |
| 13:44 | Queue | Villager (Male) |
| 13:48 | Build | Farm |
| 13:49 | Queue | Villager (Male) |
| 13:56 | Build | House |
| 14:05 | Research | Fletching |
| 14:08 | Build | Farm |
| 14:10 | Build | Farm |
| 14:17 | Queue | Villager (Male) |
| 14:26 | Build | House |
| 14:30 | Build | House |
| 14:35 | Build | House |
| 14:38 | Build | House |
| 14:44 | Queue | Villager (Male) |
| 14:52 | Build | Watch Tower |
| 15:17 | Queue | Villager (Male) |
| 15:28 | Build | Farm |
| 15:33 | Queue | Spearman |
| 15:34 | Queue | Spearman |
| 15:37 | Build | Farm |
| 15:51 | Queue | Villager (Male) |
| 15:56 | Build | Settlement |
| 16:11 | Queue | Villager (Male) |
| 16:15 | Build | House |
| 16:17 | Build | House |
| 16:18 | Build | House |
| 16:19 | Build | House |
| 16:27 | Build | House |
| 16:29 | Build | House |
| 16:31 | Build | House |
| 16:39 | Queue | Villager (Male) |
| 16:57 | Queue | Villager (Male) |
| 17:05 | Queue | Villager (Male) |
| 17:15 | Build | Farm |
| 17:17 | Build | Farm |
| 17:48 | Queue | Villager (Male) |
| 17:56 | Build | Watch Tower |
| 18:05 | Queue | Villager (Male) |
| 18:10 | Build | Farm |
| 18:11 | Build | Farm |
| 18:13 | Build | Farm |
| 18:50 | Queue | Villager (Male) |
| 18:54 | Build | Market |
| 19:09 | Build | Farm |
| 19:23 | Queue | Villager (Male) |
| 19:50 | Research | Castle Age |
| 19:53 | Build | Settlement |
| 20:54 | Build | House |
| 20:57 | Build | Barracks |
| 21:00 | Queue | Villager (Male) |
| 21:05 | Build | House |
| 21:32 | Build | Archery Range |
| 21:41 | Queue | Skirmisher |
| 21:41 | Queue | Skirmisher |
| 21:44 | Research | Padded Archer Armor |
| 21:51 | Queue | Skirmisher |
| 21:51 | Queue | Skirmisher |
| 21:51 | Queue | Skirmisher |
| 21:53 | Queue | Villager (Male) |
| 22:07 | Build | Archery Range |
| 22:25 | Build | Watch Tower |
| 22:30 | Age | Castle Age |
| 22:49 | Queue | Villager (Male) |
| 23:06 | Research | Bodkin Arrow |
| 23:06 | Research | Bodkin Arrow |
| 23:12 | Research | Elite Skirmisher (upgrade) |
| 23:22 | Queue | Villager (Male) |
| 23:46 | Queue | Villager (Male) |
| 23:59 | Queue | Villager (Male) |
| 24:14 | Queue | Villager (Male) |
| 25:16 | Build | Town Center |
| 25:29 | Queue | Villager (Male) |
| 25:31 | Queue | Villager (Male) |
| 25:43 | Queue | Villager (Male) |
| 25:50 | Queue | Bolas Rider |
Build order — Dustin
First 150 of 384 actions detected
| 0:01 | Queue | Villager (Male) ×4 |
| 0:02 | Build | House |
| 0:02 | Build | House |
| 1:33 | Queue | Villager (Male) |
| 1:33 | Queue | Villager (Male) |
| 1:44 | Build | Mill |
| 2:08 | Queue | Villager (Male) |
| 2:27 | Queue | Villager (Male) |
| 2:47 | Queue | Villager (Male) |
| 3:08 | Queue | Villager (Male) |
| 3:42 | Queue | Villager (Male) |
| 4:03 | Queue | Villager (Male) |
| 4:19 | Build | Lumber Camp |
| 4:22 | Queue | Villager (Male) |
| 5:02 | Queue | Villager (Male) |
| 5:02 | Queue | Villager (Male) |
| 5:03 | Queue | Villager (Male) |
| 5:46 | Research | Loom |
| 6:14 | Queue | Villager (Male) |
| 6:15 | Research | Loom |
| 6:49 | Research | Feudal Age |
| 6:57 | Build | Mill |
| 7:50 | Build | Barracks |
| 8:42 | Build | House |
| 8:45 | Build | Palisade Wall |
| 8:59 | Queue | Villager (Male) |
| 9:18 | Age | Feudal Age |
| 9:20 | Build | Stable |
| 9:22 | Research | Double-Bit Axe |
| 9:22 | Research | Double-Bit Axe |
| 9:44 | Queue | Villager (Male) |
| 9:51 | Queue | Villager (Male) |
| 10:08 | Queue | Villager (Male) |
| 10:11 | Build | Mining Camp |
| 10:21 | Queue | Villager (Male) |
| 10:25 | Build | House |
| 10:30 | Build | House |
| 10:34 | Build | Palisade Wall |
| 10:44 | Queue | Scout Cavalry |
| 10:47 | Research | Horse Collar |
| 10:56 | Queue | Villager (Male) |
| 10:58 | Queue | Scout Cavalry |
| 11:26 | Build | Farm |
| 11:27 | Build | Farm |
| 11:41 | Queue | Scout Cavalry |
| 11:51 | Build | Watch Tower |
| 11:52 | Build | Palisade Wall |
| 11:53 | Build | Palisade Wall |
| 11:53 | Build | Palisade Wall |
| 11:54 | Build | Palisade Wall |
| 11:54 | Build | Palisade Wall |
| 11:55 | Build | Palisade Wall |
| 11:58 | Queue | Villager (Male) |
| 12:09 | Build | Farm |
| 12:11 | Build | Farm |
| 12:13 | Build | Farm |
| 12:15 | Queue | Villager (Male) |
| 12:27 | Queue | Villager (Male) |
| 12:47 | Queue | Scout Cavalry |
| 12:56 | Build | House |
| 13:15 | Queue | Villager (Male) |
| 13:20 | Build | Farm |
| 13:22 | Build | Farm |
| 13:42 | Queue | Scout Cavalry |
| 13:47 | Queue | Villager (Male) |
| 14:09 | Queue | Villager (Male) |
| 14:14 | Queue | Villager (Male) |
| 14:17 | Build | Watch Tower |
| 14:21 | Build | House |
| 14:28 | Build | House |
| 14:29 | Build | House |
| 14:31 | Build | Farm |
| 14:38 | Build | Mill |
| 14:39 | Queue | Villager (Male) |
| 14:58 | Queue | Villager (Male) |
| 15:02 | Build | House |
| 15:05 | Build | House |
| 15:28 | Queue | Villager (Male) |
| 15:35 | Build | Watch Tower |
| 15:41 | Build | Farm |
| 15:42 | Build | Farm |
| 15:43 | Build | Farm |
| 15:45 | Build | Farm |
| 15:51 | Build | Palisade Wall |
| 15:52 | Build | Palisade Wall |
| 16:11 | Build | Watch Tower |
| 16:41 | Build | Watch Tower |
| 16:44 | Build | Farm |
| 16:45 | Build | Farm |
| 16:47 | Queue | Villager (Male) |
| 16:53 | Build | Blacksmith |
| 16:57 | Build | Farm |
| 16:57 | Build | Farm |
| 16:58 | Build | Farm |
| 17:00 | Build | House |
| 17:20 | Build | Watch Tower |
| 17:27 | Build | Watch Tower |
| 17:35 | Queue | Villager (Male) |
| 17:37 | Build | House |
| 17:38 | Build | House |
| 17:41 | Build | House |
| 17:42 | Build | House |
| 17:43 | Build | House |
| 17:47 | Build | House |
| 18:03 | Research | Castle Age |
| 18:16 | Build | Lumber Camp |
| 18:21 | Build | Palisade Wall |
| 18:21 | Build | Palisade Wall |
| 18:24 | Build | Farm |
| 18:30 | Build | Archery Range |
| 18:50 | Build | Palisade Wall |
| 18:59 | Build | Mining Camp |
| 19:00 | Research | Fletching |
| 19:06 | Research | Padded Archer Armor |
| 19:22 | Research | Wheelbarrow |
| 19:56 | Build | Archery Range |
| 20:09 | Queue | Scout Cavalry |
| 20:09 | Queue | Scout Cavalry |
| 20:19 | Build | Palisade Wall |
| 20:27 | Queue | Archer |
| 20:43 | Age | Castle Age |
| 20:46 | Research | Bow Saw |
| 20:48 | Queue | Archer |
| 20:50 | Queue | Villager (Male) |
| 21:02 | Queue | Scout Cavalry |
| 21:08 | Queue | Archer |
| 21:28 | Queue | Archer |
| 21:28 | Queue | Archer |
| 21:31 | Queue | Villager (Male) |
| 21:40 | Queue | Villager (Male) |
| 21:58 | Research | Crossbowman (upgrade) |
| 21:58 | Research | Crossbowman (upgrade) |
| 21:59 | Research | Crossbowman (upgrade) |
| 22:02 | Queue | Scout Cavalry |
| 22:03 | Queue | Scout Cavalry |
| 22:23 | Queue | Archer |
| 22:23 | Queue | Archer |
| 22:29 | Research | Light Cavalry (upgrade) |
| 22:35 | Queue | Villager (Male) |
| 22:58 | Build | Castle |
| 23:07 | Queue | Villager (Male) |
| 23:11 | Queue | Archer |
| 23:12 | Queue | Archer |
| 23:20 | Queue | Villager (Male) |
| 23:42 | Queue | Archer |
| 23:43 | Queue | Archer |
| 24:14 | Build | Castle |
| 24:19 | Build | Farm |
| 24:19 | Build | Farm |
| 24:20 | Build | Farm |
Match timeline
| 5:26 | 只会打步弓 · wall_segment Palisade Wall x1 |
| 7:50 | Dustin · first_building Barracks |
| 8:11 | 只会打步弓 · first_building Dock |
| 8:45 | Dustin · wall_segment Palisade Wall x4 |
| 8:53 | 只会打步弓 · age_up feudal |
| 9:18 | Dustin · age_up feudal |
| 9:20 | Dustin · first_building Stable |
| 10:34 | Dustin · wall_segment Palisade Wall x3 |
| 11:52 | Dustin · wall_segment Palisade Wall x1 |
| 11:53 | Dustin · wall_segment Palisade Wall x1 |
| 11:53 | Dustin · wall_segment Palisade Wall x1 |
| 11:54 | Dustin · wall_segment Palisade Wall x1 |
| 11:54 | Dustin · wall_segment Palisade Wall x1 |
| 11:55 | Dustin · wall_segment Palisade Wall x1 |
| 15:51 | Dustin · wall_segment Palisade Wall x1 |
| 15:52 | Dustin · wall_segment Palisade Wall x1 |
| 18:21 | Dustin · wall_segment Palisade Wall x2 |
| 18:21 | Dustin · wall_segment Palisade Wall x1 |
| 18:30 | Dustin · first_building Archery Range |
| 18:50 | Dustin · wall_segment Palisade Wall x1 |
| 19:45 | 只会打步弓 · first_market_buy 100 food |
| 20:19 | Dustin · wall_segment Palisade Wall x1 |
| 20:43 | Dustin · age_up castle |
| 20:57 | 只会打步弓 · first_building Barracks |
| 21:32 | 只会打步弓 · first_building Archery Range |
| 22:30 | 只会打步弓 · age_up castle |
| 22:58 | Dustin · first_building Castle |
| 25:29 | Dustin · first_building Siege Workshop |
| 28:23 | Dustin · wall_segment Stone Wall x13 |
| 28:30 | Dustin · wall_segment Stone Wall x20 |
| 29:28 | 只会打步弓 · first_building Siege Workshop |
| 31:43 | Dustin · wall_segment Stone Wall x4 |
| 42:03 | Dustin · wall_segment Stone Wall x1 |
| 42:52 | Dustin · first_market_buy 100 wood |
| 43:08 | Dustin · wall_segment Stone Wall x1 |
| 43:19 | 只会打步弓 · first_building Castle |
| 43:46 | Dustin · age_up imperial |
| 48:08 | Dustin · resign |
[ AI ANALYSIS · 1 CREDIT ]
What really happened in this match?
Wolo.gg analyzes every decision: build order, eco, micro, common mistakes by bracket. Personalized analysis on WhatsApp or Discord in 30 seconds.
Civ guide
Mapuche
Perfil
只会打步弓